cohdb
Replays
Latest Replays
All Replays
Popular Replays
Top Player Replays
Match Explorer
How It Works
Community
CoH3 Stats
Reddit
Sign in to upload your games and track your stats! →
Sign in with Steam
Match 44171483
Unlisted
Match 44171483
Overview
Messages
Build Orders
End
Panzergrenadier Squad
Panzergrenadier Squad
Construct Light Support Kompanie
MG34 Team
Fire Support Elements
le.IG 18 Support Gun Team
Flakvierling Half-track
Assault Mechanized Group
Pak 38 Anti-tank Gun Team
Selects Italian Infantry
Selects Guastatori Squad
Guastatori Squad
Selects Defensive Operations
Selects Registered Artillery
le.IG 18 Mechanized Group
2.5-tonne Medical Truck
Selects Prepared Positions
Guastatori Squad
Construct Panzerarmee Kommand
Armored Reserves
Selects Obice 305mm Barrage
Obice 305mm Barrage
BaronVonKieselberg
Pizzeria
Dolan Tittenberg
Dreamerpython
Tirant
majintal excumuration
0
0
Comments
sign in to comment!
No comments posted yet!